 Dungeon Crawl Stone Soup version 0.20-a0-876-g2c7b0bf (webtiles) character file.

655 jaredbazor0 the Skirmisher (level 7, -14/68 HPs)
             Began as a Troll Fighter on Mar 10, 2017.
             Was a Follower of Okawaru.
             Killed from afar by espais's ghost (21 damage)
             ... with an orb of energy
             ... on level 5 of the Dungeon on Mar 15, 2017.
             The game lasted 00:27:30 (4153 turns).

jaredbazor0 the Skirmisher (Troll Fighter)          Turns: 4153, Time: 00:27:30

Health: -14/68     AC:  6    Str: 27    XL:     7   Next: 29%
Magic:  6/6        EV:  9    Int:  4    God:    Okawaru [*.....]
Gold:   134        SH:  0    Dex:  9    Spells: 6/6 levels left

rFire    . . .     SeeInvis .   g - +1 trident (pain)
rCold    . . .     Gourm    +   a - +0 robe
rNeg     . . .     Faith    .   b - +1 shield
rPois    .         Spirit   .   o - +1 hat
rElec    .         Reflect  .   (no cloak)
rCorr    .         Harm     .   (gloves unavailable)
MR       .....                  (boots unavailable)
Stlth    +.........             (no amulet)
Regen    0.7/turn               (no ring)
MPRegen  0.1/turn               (no ring)

@: confused, lethally poisoned (-14 -> -24)
A: unfitting armour, claws 3, fast metabolism 3, gourmand, regeneration 1,
shaggy fur 1, tough skin 2
a: Heroism, Renounce Religion


You were on level 5 of the Dungeon.
You worshipped Okawaru.
Okawaru was aware of your devotion.
You were not hungry.

You visited 1 branch of the dungeon, and saw 5 of its levels.

You collected 134 gold pieces.

Inventory:

Hand Weapons
 g - a +1 trident of pain (weapon)
 h - a +0 dagger of holy wrath
 i - a +0 hand axe
 p - the +4 Vampire's Tooth {vamp}
   (You found it on level 5 of the Dungeon)

   It inflicts no extra harm, but heals its wielder when it wounds a living foe.
Missiles
 f - 2 tomahawks (quivered)
Armour
 a - a +0 robe (worn)
 b - a +1 shield (worn)
 o - a +1 hat (worn)
Wands
 m - a wand of lightning (2/15)
 r - a wand of flame (25/48)
Scrolls
 j - 4 scrolls of remove curse
 l - a scroll of identify
 n - a scroll of recharging
Potions
 c - 3 potions of might
 e - 4 potions of curing
 k - a potion of invisibility
Comestibles
 d - 3 bread rations
 q - 2 chunks of flesh


   Skills:
 + Level 3.9 Fighting
 + Level 1.9(2.7) Axes
 + Level 2.8(3.1) Polearms
 + Level 0.1 Throwing
 + Level 3.7 Dodging
 + Level 0.5 Stealth
 + Level 3.6 Shields
 + Level 2.2 Unarmed Combat
 + Level 0.2 Evocations


You had 6 spell levels left.
You didn't know any spells.

Dungeon Overview and Level Annotations

Branches:
Dungeon (5/15)
 Temple: D:4-7

Altars:
Cheibriados
Fedhas
Okawaru
Ru

Annotations:
D:5 espais's ghost, amateur DECj


Innate Abilities, Weirdness & Mutations

You are too large for most types of armour.
You have claws for hands.
Your metabolism is lightning-fast.
You like to eat raw meat.
Your natural rate of healing is unusually fast.
You are covered in fur. (AC +1)
You have very tough skin. (AC +2)


Message History

Espais's ghost points at you and mumbles some strange words.
The spray of energy hits you!
* * * LOW HITPOINT WARNING * * *
You are more confused.
You feel sick.
Espais's ghost hits you but does no damage.
You are more poisoned.
You're too confused to move!
You feel sick. Espais's ghost hits you.
* * * LOW HITPOINT WARNING * * *
You are lethally poisoned!
* * * LOW HITPOINT WARNING * * *
You feel very sick. Espais's ghost barely misses you.
* * * LOW HITPOINT WARNING * * *
You feel sick.
* * * LOW HITPOINT WARNING * * *
You feel sick.
Espais's ghost gestures at you while chanting.
The orb of energy hits you!
You die...

####### ...... #...#
#>..######
#.#.###......#
#.#......?@..#
#.#####.W....#
####'#.....######
#......####....#
#..............#
#.................
#......##.############
#......##.# ####...#
#......##.#####..<...#


You could see espais's ghost.

Vanquished Creatures
  A phantom (D:4)
  A howler monkey (D:4)
  2 vampire bats (D:5)
  An orc wizard (D:4)
  A bullfrog skeleton (D:3)
  4 hounds
  2 iguanas (D:4)
  A worker ant (D:4)
  6 adders
  3 oozes
  3 worms
  5 dart slugs
  4 leopard geckos
  11 orcs
  7 giant cockroaches
  7 goblins
  8 hobgoblins
  2 jackals (D:5)
  A quokka (D:4)
  3 ball pythons
  13 bats
  4 frilled lizards
  7 kobolds
  27 rats
  A fungus (D:2)
125 creatures vanquished.

Notes
Turn   | Place    | Note
-------+----------+-------------------------------------------
     0 | D:1      | jaredbazor0 the Troll Fighter began the quest for the Orb.
     0 | D:1      | Reached XP level 1. HP: 22/22 MP: 0/0
   238 | D:1      | Reached XP level 2. HP: 27/29 MP: 1/1
   840 | D:2      | Reached XP level 3. HP: 36/36 MP: 2/2
  1311 | D:2      | Reached skill level 1 in Axes
  1359 | D:2      | Found an iron altar of Okawaru.
  1372 | D:2      | Became a worshipper of Warmaster Okawaru
  1400 | D:2      | Found a sacrificial altar of Ru.
  1565 | D:2      | Reached XP level 4. HP: 36/44 MP: 3/3
  1702 | D:2      | Found a snail-covered altar of Cheibriados.
  2049 | D:2      | Upgraded the game from 0.20-a0-850-ge5a7832 to 0.20-a0-876-g2c7b0bf
  2185 | D:3      | Found a blossoming altar of Fedhas.
  2814 | D:3      | Reached XP level 5. HP: 52/53 MP: 4/4
  3098 | D:4      | Reached skill level 1 in Polearms
  3342 | D:4      | Reached XP level 6. HP: 41/61 MP: 5/5
  3707 | D:4      | Reached * piety under Okawaru
  3969 | D:5      | Entered Level 5 of the Dungeon
  3976 | D:5      | Reached XP level 7. HP: 68/68 MP: 6/6
  4134 | D:5      | Noticed espais's ghost (amateur DECj)
  4153 | D:5      | Killed from afar by espais's ghost

Vault maps used:
D:1:      dpeg_arrival_simpleton_b
D:2:      kennysheep_slug_shrine, okawaru_gym_becter,
          nicolae_ru_the_path_less_chosen
D:3:      fedhas_altar_2
D:4:      minmay_rat_hole
D:5:      grunt_gozag_breadcrumbs, gup_sewer_entry_bowl, first_bread,
          serial_shops, nicolae_shop_stone, minmay_guarded_unrand_vampires_tooth

Skill      XL: |  1  2  3  4  5  6 |
---------------+-------------------+-----
Axes           | 1 |  1.9
Shields        | 3 |  3.6
Fighting       | 3 |  3.9
Dodging        | 3 |  3.7
Polearms       | 1 2 |  2.8
Throwing       | |  0.1
Stealth        | |  0.5
Unarmed Combat | |  2.2
Evocations     | |  0.2

Action                   |  1- 3 |  4- 6 |  7- 9 || total
-------------------------+-------+-------+-------++-------
Melee: Hand axe          |   146 |    51 |       ||   197
       Unarmed           |     6 |       |       ||     6
       Trident           |       |   274 |    62 ||   336
Throw: Tomahawk          |       |     4 |       ||     4
Evoke: Wand              |       |     2 |       ||     2
  Use: Scroll            |     3 |     4 |     1 ||     8
       Potion            |       |     1 |       ||     1
 Stab: Sleeping          |     1 |       |       ||     1
       Invisible         |       |     1 |       ||     1
  Eat: Chunk             |     7 |    22 |       ||    29
       Meat ration       |     1 |       |       ||     1
       Bread ration      |       |     1 |       ||     1
Armor: Robe              |    56 |    82 |    72 ||   210
Dodge: Dodged            |    59 |   107 |    68 ||   234
Block: Shield            |    78 |   173 |    91 ||   342
